 Dungeon Crawl Stone Soup version 0.19.5-1-g796a6487f8 (webtiles) character file.

102 MackTheKnife the Slasher (level 4, -2/29 HPs)
             Began as a High Elf Skald on Sept 9, 2023.
             Slain by an orc
             ... wielding a +0 mace
              (5 damage)
             ... on level 3 of the Dungeon.
             The game lasted 00:04:58 (3404 turns).

MackTheKnife the Slasher (High Elf Skald)           Turns: 3404, Time: 00:04:59

Health: -2/29      AC:  3    Str: 11    XL:     4   Next: 49%
Magic:  1/9        EV: 11    Int: 16    God:
Gold:   164        SH:  0    Dex: 15    Spells: 3 memorised, 3 levels left

rFire  . . .     SeeInvis .     a - +0 falchion
rCold  . . .     Gourm    .     b - +0 leather armour
rNeg   . . .     Faith    .     (no shield)
rPois  .         Spirit   .     (no helmet)
rElec  .         Reflect  .     (no cloak)
rCorr  .         Harm     .     (no gloves)
MR     .....                    (no boots)
Stlth  +.........               (no amulet)
                                (no ring)
                                (no ring)

@: very slightly contaminated
A: no striking features
a: no special abilities


You were on level 3 of the Dungeon.
You were not hungry.

You visited 1 branch of the dungeon, and saw 3 of its levels.

You collected 164 gold pieces.

Inventory:

Hand Weapons
 a - a +0 falchion (weapon)
 p - a +3 vampiric spear
   (You found it on level 2 of the Dungeon)
 q - a +0 whip of venom
   (You took it off a kobold on level 3 of the Dungeon)
Armour
 b - a +0 leather armour (worn)
 s - a +0 cloak
   (You found it on level 3 of the Dungeon)
Scrolls
 e - 3 scrolls of identify {unknown}
 g - a scroll of random uselessness {unknown}
 h - a scroll of immolation {unknown}
 j - 2 scrolls of enchant weapon {unknown}
 m - a scroll of amnesia {unknown}
 n - 2 scrolls of enchant armour {unknown}
 o - a scroll of teleportation {unknown}
Potions
 f - 2 potions of flight {unknown}
 i - a potion of ambrosia {unknown}
 k - 2 potions of lignification {unknown}
 l - a potion of magic {unknown}
 r - a potion of curing {unknown}
Books
 c - a book of Battle
Comestibles
 d - 2 bread rations {@e1}


   Skills:
 - Level 2.0 Fighting
 - Level 4.4 Long Blades
 - Level 0.8 Armour
 - Level 1.1 Dodging
 + Level 3.0 Spellcasting
 + Level 1.1 Hexes
 + Level 4.4 Charms


You had 3 spell levels left.
You knew the following spells:

 Your Spells              Type           Power        Failure   Level  Hunger
a - Infusion              Chrm           ###.         4%          1    #......
s - Shroud of Golubria    Chrm/Tloc      #.........   17%         2    ##.....
z - Spectral Weapon       Hex/Chrm       ##......     24%         3    ###....


Dungeon Overview and Level Annotations

Branches:
Dungeon (3/15)

Altars:
Qazlal

Annotations:
D:3 exclusion: Natasha, Natasha


Message History

You hit the rat.
You kill the rat!
The ball python bites you but does no damage.
The ball python grabs you. The ball python constricts you.
The hobgoblin completely misses you. The rat bites you but does no damage.
You take 1 damage, and have 23/29 hp.
You slash the ball python!
You kill the ball python!
The hobgoblin closely misses you. The rat completely misses you.
You riposte.
You hit the rat but do no damage. You closely miss the hobgoblin.
Your spectral weapon closely misses the hobgoblin.
The hobgoblin barely misses you.
You riposte.
You closely miss the hobgoblin. The rat closely misses you.
You riposte.
You closely miss the rat. You hit the hobgoblin.
Your spectral weapon hits the hobgoblin.
You kill the hobgoblin!
The rat bites you but does no damage.
You hit the rat.
You kill the rat!
Your Spellcasting skill increases to level 3!
No target in view!
No target in view!
No target in view!
You see here a rat corpse.
You butcher the rat corpse.
s - a chunk of flesh {@w0} Eating a chunk of flesh {@w0}.
You start eating the chunk of flesh {@w0}.
e - 3 scrolls labeled HOGUNU SEALIWK (gained 1)
You see here a hobgoblin corpse.
k - 2 glowing puce potions (gained 1)
s - a cloak You regained 2 mp, and now have 6/9 mp.
You swap places.
Your spectral weapon fades away.
Your magical contamination has completely faded away.
A rat comes into view.
A rat is nearby!
A rat is nearby!
Found a stone staircase leading down.
You see here a bread ration {@e1}.
d - 2 bread rations {@e1} (gained 1)
You closely miss the rat. The rat misses you.
You completely miss the rat. The rat completely misses you.
You hit the rat but do no damage. The rat bites you.
You take 1 damage, and have 26/29 hp.
You hit the rat.
You kill the rat!
No target in view!
No target in view!
Okay, then.
You now have 164 gold pieces (gained 6). 2 orcs come into view.
MP restored: 9
There are monsters nearby!
There are monsters nearby!
There are monsters nearby!
The orc shouts!
Okay, then.
An orc comes into view. It is wielding a hand axe.
The orc shouts!
You miscast Spectral Weapon.
You are very lightly contaminated with residual magic.
Your skin tingles.
The orc hits you with a short sword.
You take 2 damage, and have 26/29 hp.
You now have 6/9 mp.
You miscast Spectral Weapon.
Your hands glow momentarily.
The orc hits you with a short sword.
You take 6 damage, and have 20/29 hp.
MASSIVE DAMAGE!!
You now have 3/9 mp.
You miscast Spectral Weapon.
The orc hits you but does no damage.
You now have 0/9 mp.
Unknown command.
You hit the orc. You slash the orc!
You kill the orc!
The orc closely misses you.
You hit the orc. You hit the orc.
You kill the orc!
The orc hits you with a mace.
You take 5 damage, and have 15/29 hp.
You are too injured to fight recklessly!
You are too injured to fight recklessly!
You are too injured to fight recklessly!
You barely miss the orc. The orc hits you with a mace.
You take 5 damage, and have 10/29 hp.
You hit the orc but do no damage. The orc hits you but does no damage.
You closely miss the orc. The orc barely misses you.
You riposte.
You closely miss the orc. You barely miss the orc.
The orc hits you with a mace!
* * * LOW HITPOINT WARNING * * *
You take 7 damage, and have 3/29 hp.
MASSIVE DAMAGE!!
You closely miss the orc. You hit the orc. The orc hits you with a mace.
You die...

#. ###.#.### #. .......
#. ...... #. .... .. #.
... ... #. #.# ..
...####. #.#####)#####..
#.#..#..
#.....o@................
#######...>.....###.....
#.........####....
#.................
#..........##.....
#.........#...###.
#.........#.####..
#...........##...>
#..........###.##.


You could see an orc.

Vanquished Creatures
  3 adders
  An ooze (D:1)
  2 worms
  2 dart slugs (D:1)
  3 orcs (D:3)
  2 giant cockroaches (D:1)
  8 goblins
  3 hobgoblins
  A jackal (D:3)
  A quokka (D:3)
  A ball python (D:3)
  5 bats
  3 frilled lizards (D:2)
  16 kobolds
  9 rats
60 creatures vanquished.

Vanquished Creatures (others)
  A plant (D:2)
1 creature vanquished.

Grand Total: 61 creatures vanquished

Notes
Turn   | Place    | Note
-------+----------+-------------------------------------------
     0 | D:1      | MackTheKnife the High Elf Skald began the quest for the Orb.
     0 | D:1      | Reached XP level 1. HP: 14/14 MP: 4/4
   369 | D:1      | Reached skill level 3 in Long Blades
   439 | D:1      | Reached XP level 2. HP: 15/19 MP: 6/6
   446 | D:1      | Learned a level 2 spell: Shroud of Golubria
  1113 | D:1      | Reached skill level 4 in Long Blades
  1348 | D:1      | Reached XP level 3. HP: 19/24 MP: 7/7
  1670 | D:1      | Learned a level 3 spell: Spectral Weapon
  2331 | D:2      | Reached skill level 4 in Charms
  2669 | D:3      | Reached XP level 4. HP: 29/29 MP: 5/9
  2694 | D:3      | Noticed Natasha
  2740 | D:3      | Noticed an earth elemental
  2742 | D:3      | Found a stormy altar of Qazlal.
  2743 | D:3      | Noticed a water elemental
  2743 | D:3      | Noticed an air elemental
  2743 | D:3      | Noticed a fire elemental
  2768 | D:3      | Reached skill level 1 in Hexes
  3333 | D:3      | Reached skill level 3 in Spellcasting
  3402 | D:3      | HP: 3/29 [orc/mace (7)]
  3404 | D:3      | Slain by an orc

Skill      XL: |  1  2  3  4 |
---------------+-------------+-----
Long Blades    | 3 4 |  4.4
Charms         | 4 |  4.4
Hexes          | 1 |  1.1
Spellcasting   | 3 |  3.0
Fighting       | |  2.0
Armour         | |  0.8
Dodging        | |  1.1

Action                   |  1- 3 |  4- 6 || total
-------------------------+-------+-------++-------
Melee: Falchion          |   127 |    48 ||   175
 Cast: Spectral Weapon   |     2 |     4 ||     6
  Eat: Chunk             |     5 |     4 ||     9
Armor: Leather armour    |    28 |    12 ||    40
Dodge: Dodged            |    69 |    30 ||    99
       Rpst.: Falchion   |    21 |     9 ||    30

Vault maps used:
D:1:      dpeg_arrival_court
D:2:      lexackson_kobold_supper
D:3:      first_bread, serial_aquarium, aquarium_bridge_island_small,
          aquarium_window_1, aquarium_window_1, aquarium_window_2,
          aquarium_view_2a, aquarium_pool_2, nicolae_qazlal_style_of_elements,
          uniq_natasha

Table legend:
 A = Turns spent in this place as a percentage of turns spent in the entire game.
 B = Non-inter-level travel turns spent in this place as a percentage of non-inter-level travel turns spent in the entire game.
 C = Inter-level travel turns spent in this place as a percentage of turns spent in this place.
 D = Turns resting spent in this place as a percentage of non-inter-level travel turns spent in this place.
 E = Turns spent auto-exploring this place as a percentage of non-inter-level travel turns spent in this place.
 F = Non-inter-level travel turns spent in this place divided by the number of levels of this place that you've seen.
                   A       B       C       D       E      F
               +-------+-------+-------+-------+-------+----------------------
         Total | 100.0 | 100.0 |   0.4 |   5.0 |  11.0 | 252.0
       Dungeon | 100.0 | 100.0 |   0.4 |   5.0 |  11.0 | 252.0
               +-------+-------+-------+-------+-------+----------------------

Table legend:
 A = Kills in this place as a percentage of kills in entire the game.
 B = Kills by you in this place as a percentage of kills by you in the entire game.
 C = Kills by friends in this place as a percentage of kills by friends in the entire game.
 D = Other kills in this place as a percentage of other kills in the entire game.
 E = Experience gained in this place as a percentage of experience gained in the entire game.
 F = Experience gained in this place divided by the number of levels of this place that you have seen.
                   A       B       C       D       E      F
               +-------+-------+-------+-------+-------+----------------------
         Total | 100.0 | 100.0 |  -nan |  -nan | 100.0 |  48.7
       Dungeon | 100.0 | 100.0 |  -nan |  -nan | 100.0 |  48.7
               +-------+-------+-------+-------+-------+----------------------
